 Dungeon Crawl Stone Soup version 0.27.1-33-g824d729ab1 (webtiles) character file.

Game seed: 10570828466818758368

98578 potato4science the Severer (level 15, -18/141 HPs)
             Began as a Minotaur Berserker on Dec 15, 2021.
             Was a High Priest of Trog.
             Killed from afar by a wretched star (28 damage)
             ... with a lance of force
             ... on level 1 of the Abyss.
             The game lasted 02:59:30 (40504 turns).

potato4science the Severer (Minotaur Berserker)    Turns: 40504, Time: 02:59:30

Health: -18/141    AC: 15    Str: 23      XL:     15   Next: 75%
Magic:  0/9        EV: 13    Int:  5      God:    Trog [*****.]
Gold:   2234       SH: 13    Dex:  8 (10) Spells: 14/14 levels left

rFire    + + +     SeeInvis .   a - +2 broad axe (elec)
rCold    + . .     Faith    .   D - +0 kite shield
rNeg     . . .     Spirit   +   L - +1 acid dragon scales
rPois    .         Reflect  .   (helmet restricted)
rElec    .         Harm     .   W - scarf {rC+ rF+}
rCorr    +         Rampage  .   E - +0 pair of gloves
Will     +....     Rnd*Rage +   p - +1 pair of boots
Stlth    ++........             r - amulet of guardian spirit
HPRegen  0.33/turn              N - ring of protection from fire
MPRegen  0.11/turn              V - ring of protection from fire

@: unable to read, hasted, very quick
A: horns 2, retaliatory headbutt, [berserk 2], [deterioration 2], [low mp 3],
[weak 2], [subdued magic 2], [inability to read while threatened]
a: Renounce Religion, Berserk, Trog's Hand, Brothers in Arms


You were on level 1 of the Abyss.
You worshipped Trog.
Trog was extremely pleased with you.
You visited 5 branches of the dungeon, and saw 23 of its levels.
You visited the Abyss 1 time.

You collected 2846 gold pieces.
You spent 612 gold pieces at shops.

Inventory:

Hand Weapons
 a - a +2 broad axe of electrocution (weapon)
 b - the +5 hunting sling of Aqareq {flame, rCorr Int+6}
   (You found it on level 14 of the Dungeon)

   Any ammunition fired from it burns those it strikes, dealing additional fire
   damage.
   Int:       It affects your intelligence (+6).
   rCorr:     It protects you from acid and corrosion.
 m - a +1 demon whip of flaming
Missiles
 f - 4 throwing nets (quivered)
 g - 134 sling bullets
 K - 6 silver boomerangs
Armour
 k - a +0 plate armour
 n - a +1 leather armour of cold resistance
 p - a +1 pair of boots (worn)
 D - a +0 kite shield (worn)
 E - a +0 pair of gloves (worn)
 L - +1 acid dragon scales (worn)
 W - a scarf of resistance (worn)
Jewellery
 o - a ring of fire
 r - an amulet of guardian spirit (around neck)
 x - a ring of ice
 I - an amulet of faith
 N - a ring of protection from fire (left hand)
 V - a ring of protection from fire (right hand)
Wands
 q - a wand of paralysis (12)
 y - a wand of digging (10)
 A - a wand of iceblast (36)
 J - a wand of flame (87)
 O - a wand of acid (17)
 Q - a wand of mindburst (16)
Scrolls
 c - 3 scrolls of fear
 t - 3 scrolls of identify
 u - a scroll of teleportation
 v - 4 scrolls of enchant armour
 B - a scroll of silence {unknown}
 G - a scroll of holy word {unknown}
 H - a scroll of fog {unknown}
 M - a scroll of blinking {unknown}
 P - a scroll of magic mapping
 U - 2 scrolls of acquirement {unknown}
Potions
 d - 5 potions of flight
 e - a potion of resistance {unknown}
 h - 3 potions of berserk rage
 i - 5 potions of might
 l - 6 potions of curing
 s - 2 potions of invisibility
 w - 3 potions of magic
 z - a potion of cancellation {unknown}
 F - 3 potions of haste
 S - 2 potions of ambrosia
Miscellaneous
 j - a tin of tremorstones (2/2)
 C - a phantom mirror


   Skills:
 * Level 15.6 Fighting
 - Level 18.0 Axes
 - Level 15.0 Armour
 - Level 7.0 Dodging
 - Level 5.0 Stealth
 - Level 15.0 Shields


You had 14 spell levels left.
You didn't know any spells.
Your spell library was empty.

Dungeon Overview and Level Annotations

Branches:
Dungeon (15/15)            Temple (1/1) D:4            Lair (4/6) D:11
 Shoals (0/4) Lair:3       Spider (0/4) Lair:4          Orc (2/2) D:10
    Elf (1/3) Orc:2        Vaults (0/5) D:14         Depths (0/5) D:15

Altars:
Ashenzari
Cheibriados
Dithmenos
Elyvilon
Fedhas
Gozag
Hepliaklqana
Kikubaaqudgha
Makhleb
Nemelex Xobeh
Okawaru
Qazlal
Ru
Sif Muna
Trog
Uskayaw
Vehumet
Wu Jian
Xom
Yredelemnul
Zin
The Shining One
Beogh
Lugonu

Shops:
D:1 (   D:2 [   D:5 ?*   D:9 *   Orc:1 (   Orc:2 *(!:

Portals:
Pandemonium: Orc:2

Annotations:
Lair:4 Sonja


Innate Abilities, Weirdness & Mutations

You have a pair of horns on your head.
You reflexively headbutt those who attack you in melee.
[You often lose your temper in combat.]
[Your body often deteriorates upon taking damage.]
[Your magical capacity is extremely low. (-30% MP)]
[You are very weak. (Str -4)]
[Your spells are easier to cast, but less powerful.]
[You sometimes lose the ability to read scrolls when taking damage.]


Message History

The wretched star pulses with an eldritch light!
Your connection to magic feels subdued.
Your connection to magic feels more subdued.
You feel less energetic. x2
You can read scrolls again.
The wretched star pulses with an eldritch light!
You feel yourself wasting away.
You feel your body start to fall apart.
You feel less energetic.
A wretched star is nearby!
A wretched star is nearby!
You start resting.
The wretched star glows turbulently.
The lance of force hits you!!
You feel threatened and lose the ability to read scrolls!
Your body deteriorates!
You feel clumsy.
You are knocked back by the lance of force.
You slam into the stone wall!
The wretched star glows turbulently.
You block the lance of force.
The wretched star glows turbulently.
The lance of force hits you!!
* * * LOW HITPOINT WARNING * * *
You are knocked back by the lance of force.
You slam into the stone wall!
You are too injured to fight recklessly!
You are too injured to fight recklessly!
The wretched star glows turbulently.
The lance of force hits you!!
* * * LOW HITPOINT WARNING * * *
Your body deteriorates!
You feel clumsy.
You are knocked back by the lance of force.
You slam into the stone wall!
* * * LOW HITPOINT WARNING * * *
You feel better.
You feel yourself speed up.
The wretched star pulses with an eldritch light!
You feel weaker. x2; You feel a little pissed off.
You feel angry.
The wretched star glows turbulently.
The lance of force hits you!!
You die...

## . ..## . ..#
.##. ..
#..##..##### ..#
#..# #.#.#.# ##
##...#.#..#.#..# ..
. ...
.....#.#*..##.#....
. . # ..
##....##.@....# ≈ #
.....##..##.#######
≈ . .....#...#...
##. #. # #.#####.#
#.# # #
...#...###.## .# .
.# ≈ #.. .. ...##
##.##. . .....##.
### *....# # # .
.....# ##. ..... #
# # # . .. . ##.
#..###. ......*.# #


You could see a wretched star.

Vanquished Creatures
  A frost giant (D:15)
  A stone giant (D:14)
  Azrael (Orc:2)
  Snorg (D:9)
  An eleionoma (shapeshifter) (D:15)
  3 ettins
  3 vault guards (D:14)
  A great orb of eyes (Abyss:1)
  A rakshasa (D:14)
  Fannar (Lair:1)
  3 hydras
  An ice dragon (D:14)
  3 boulder beetles
  2 catoblepae
  6 two-headed ogres
  4 centaur warriors
  The ghost of AgateBread the Cudgeller, a novice DrCj of Gozag (D:9)
  5 orc high priests (Orc:2)
  4 death yaks (Lair:3)
  2 tengu warriors (D:15)
  A thrashing horror (Abyss:1)
  A deep elf knight (Orc:2)
  Nergalle (Lair:4)
  A wretched star (Abyss:1)
  An infernal demonspawn (Orc:2)
  3 gelid demonspawn (Orc:2)
  The ghost of pkoi the Grappler, a novice TrFi of Makhleb (D:6)
  2 necromancers (D:14)
  2 deep elf pyromancers (D:10)
  6 orc knights
  3 wizards
  A deep elf zephyrmancer (D:10)
  17 cyclopes
  A fire giant zombie (Abyss:1)
  3 ugly things (D:13)
  2 manticores
  12 orc sorcerers
  4 black mambas
  4 gargoyles
  11 cane toads
  A torpor snail (Lair:2)
  An orange demon (Orc:2)
  2 unseen horrors (D:12)
  A smoke demon (Orc:2)
  A freezing wraith (D:14)
  2 rime drakes
  5 yaktaurs (D:15)
  An ice devil (Orc:2)
  6 komodo dragons
  A komodo dragon (shapeshifter) (D:14)
  An ancient zyme (Abyss:1)
  3 meliai (D:13)
  A polar bear (Lair:1)
  5 trolls
  2 hornets
  3 dream sheep (Lair:4)
  9 blink frogs
  6 slime creatures
  A ynoxinul (Abyss:1)
  2 vampires
  A wraith (D:12)
  20 yaks
  Sigmund (D:2)
  18 humans (D:14)
  5 wyverns
  3 fire elementals (Orc:2)
  4 hogs
  5 vampire mosquitoes
  A basilisk (D:14)
  A steam dragon (D:5)
  2 chaos spawn
  5 wargs
  5 water moccasins
  5 acid dragons
  3 hell hounds (Orc:2)
  40 orc warriors
  A cane toad skeleton (Abyss:1)
  An ice beast (D:6)
  3 black bears
  A hornet zombie (D:7)
  2 sky beasts
  8 ogres
  21 wolves
  15 centaurs
  4 necrophages (D:5)
  A kobold brigand (D:9)
  10 bullfrogs
  3 small abominations (Abyss:1)
  5 water moccasin zombies (D:5)
  2 gnoll sergeants (D:5)
  2 scorpions
  A water moccasin skeleton (D:4)
  12 killer bees
  3 electric eels
  9 howler monkeys
  4 bullfrog zombies
  3 centaur zombies
  7 hounds
  28 orc priests
  A bullfrog skeleton (D:5)
  20 orc wizards
  5 gnoll shamans
  A scorpion zombie (D:5)
  2 iguanas
  A hound skeleton (D:5)
  A howler monkey zombie (D:7)
  7 adders
  39 gnolls
  A howler monkey skeleton (D:7)
  A shadow imp (D:6)
  3 white imps
  2 ufetubi
  An adder skeleton (D:4)
  A worm (D:3)
  3 dart slugs
  86 orcs
  8 ball pythons
  4 endoplasms
  3 giant cockroaches
  6 goblins
  7 hobgoblins
  A jackal (D:5)
  14 kobolds
  3 quokkas
  5 bats
  5 frilled lizards
  4 rats (D:2)
  A bush (D:5)
677 creatures vanquished.

Vanquished Creatures (collateral kills)
  Kirke (D:11)
  Erolcha (D:11)
  An unseen horror (D:11)
  A queen bee (D:9)
  A troll (D:10)
  A hornet (D:9)
  A shadow (D:11)
  2 killer bees (D:9)
9 creatures vanquished.

Vanquished Creatures (others)
  A boulder beetle (D:14)
  A centaur warrior (D:14)
  A deep elf pyromancer (D:14)
  A hog (shapeshifter) (D:14)
  A basilisk (D:14)
  An orc wizard (Orc:2)
  4 bushes (D:5)
  23 fungi
  60 plants
93 creatures vanquished.

Grand Total: 779 creatures vanquished

Notes
Turn   | Place    | Note
-------+----------+-------------------------------------------
     0 | D:1      | potato4science the Minotaur Berserker began the quest for
                  | the Orb.
     0 | D:1      | Reached XP level 1. HP: 19/19 MP: 0/0
   470 | D:1      | Reached XP level 2. HP: 27/27 MP: 1/1
   769 | D:1      | Found Pioqa's Antique Weapon Boutique.
  1203 | D:2      | Reached skill level 4 in Axes
  1222 | D:2      | Found Vagralerch's Antique Armour Emporium.
  1230 | D:2      | Reached XP level 3. HP: 26/33 MP: 2/2
  1553 | D:2      | Noticed Sigmund
  1746 | D:2      | Reached ** piety under Trog
  1818 | D:2      | Reached skill level 1 in Stealth
  2280 | D:2      | Reached XP level 4. HP: 40/40 MP: 3/3
  3056 | D:3      | Found a white marble altar of Elyvilon.
  3384 | D:4      | Found a staircase to the Ecumenical Temple.
  3534 | D:4      | Noticed a bullfrog
  3541 | D:3      | Killed a bullfrog
  3542 | D:3      | Reached skill level 5 in Axes
  3542 | D:3      | Reached XP level 5. HP: 31/46 MP: 4/4
  3825 | D:4      | Reached skill level 6 in Axes
  4075 | D:4      | Reached XP level 6. HP: 44/52 MP: 5/5
  4296 | D:4      | Found a stormy altar of Qazlal.
  4478 | D:4      | Found an ancient bone altar of Kikubaaqudgha.
  4481 | D:4      | Found a basalt altar of Yredelemnul.
  4486 | D:4      | Found a snail-covered altar of Cheibriados.
  4916 | Temple   | Entered the Ecumenical Temple
  5081 | D:5      | Entered Level 5 of the Dungeon
  5143 | D:5      | Reached skill level 7 in Axes
  5274 | D:5      | Reached XP level 7. HP: 50/59 MP: 6/6
  5649 | D:5      | Reached skill level 8 in Axes
  5748 | D:5      | Reached *** piety under Trog
  5862 | D:5      | Reached skill level 5 in Fighting
  5884 | D:5      | Reached skill level 5 in Armour
  6102 | D:5      | Found a shimmering altar of Xom.
  6105 | D:5      | Found Reuphoig's Magic Scroll Emporium.
  6113 | D:5      | Bought a scroll of teleportation for 33 gold pieces
  6113 | D:5      | Bought a scroll of amnesia for 38 gold pieces
  6113 | D:5      | Bought a scroll of identify for 22 gold pieces
  6123 | D:5      | Found Quaguch's Overcharged Wands.
  6211 | D:5      | Reached skill level 9 in Axes
  6221 | D:5      | Reached XP level 8. HP: 23/68 MP: 7/7
  7050 | D:5      | Reached skill level 10 in Axes
  7744 | D:5      | Reached skill level 11 in Axes
  8026 | D:5      | Found a sparkling altar of Nemelex Xobeh.
  8063 | D:5      | Reached skill level 12 in Axes
  8078 | D:5      | Reached XP level 9. HP: 71/74 MP: 8/8
  8129 | D:5      | Found a blossoming altar of Fedhas.
  8437 | D:6      | Reached skill level 13 in Axes
  8706 | D:6      | Reached **** piety under Trog
  8847 | D:6      | Found a large runed translucent door.
  8847 | D:6      | Found a large runed translucent door.
  8849 | D:6      | Noticed pkoi's ghost (novice TrFi)
  9363 | D:7      | Found a glowing golden altar of the Shining One.
  9363 | D:7      | Found a broken altar of Ashenzari.
 10250 | D:7      | Found a bloodstained altar of Trog.
 10250 | D:7      | Found an iron altar of Okawaru.
 10428 | D:7      | Reached skill level 14 in Axes
 11102 | D:2      | Killed Sigmund
 11103 | D:2      | Reached skill level 1 in Shields
 11843 | D:8      | Reached XP level 10. HP: 81/81 MP: 3/9
 12103 | D:9      | Noticed a two-headed ogre
 12116 | D:9      | Killed a two-headed ogre
 12117 | D:9      | Reached skill level 15 in Axes
 12661 | D:9      | Noticed AgateBread's ghost (novice DrCj)
 12876 | D:9      | Found a transporter.
 13089 | D:9      | Found Tosen's Lightly-Used Armoury.
 13200 | D:9      | Found a transporter.
 13924 | D:10     | Entered Level 10 of the Dungeon
 13924 | D:10     | Noticed Snorg
 13981 | D:10     | Found a radiant altar of Vehumet.
 14151 | D:9      | Reached skill level 5 in Shields
 14307 | D:10     | Noticed a wizard
 14313 | D:10     | Found a staircase to the Orcish Mines.
 14335 | D:10     | Reached ***** piety under Trog
 14406 | D:10     | Noticed a deep elf pyromancer
 14432 | D:10     | Killed a deep elf pyromancer
 14451 | D:10     | Killed a wizard
 14452 | D:10     | Reached skill level 16 in Axes
 14872 | D:9      | Killed Snorg
 14873 | D:9      | Reached XP level 11. HP: 33/89 MP: 1/10
 15110 | D:10     | Noticed a deep elf zephyrmancer
 15138 | D:10     | Killed a deep elf zephyrmancer
 15520 | D:10     | Noticed a deep elf pyromancer
 15534 | D:10     | Killed a deep elf pyromancer
 15682 | D:11     | Noticed Erolcha
 15966 | D:11     | Noticed a boulder beetle
 15985 | D:11     | Killed a boulder beetle
 16319 | D:11     | Found a staircase to the Lair.
 16735 | D:11     | Found a shadowy altar of Dithmenos.
 16807 | D:11     | Killed Erolcha
 17758 | D:12     | Noticed Kirke
 18009 | D:12     | Reached skill level 10 in Shields
 18081 | D:12     | Noticed a two-headed ogre
 18100 | D:12     | Killed a two-headed ogre
 18397 | D:11     | Noticed a sphinx
 18406 | D:11     | Noticed a lindwurm
 18418 | D:10     | HP: 1/95 [troll (5)]
 18743 | D:11     | Noticed a lindwurm
 18745 | D:11     | Killed Kirke
 18875 | D:12     | Reached XP level 12. HP: 90/103 MP: 2/11
 19071 | D:12     | Found a corrupted altar of Lugonu.
 20160 | D:6      | Killed pkoi's ghost
 20419 | D:9      | Killed AgateBread's ghost
 20576 | D:13     | Noticed a two-headed ogre
 20584 | D:13     | Killed a two-headed ogre
 21037 | D:13     | Reached skill level 10 in Armour
 21329 | D:13     | Noticed a boulder beetle
 21559 | D:13     | Noticed a two-headed ogre
 21568 | D:13     | Killed a two-headed ogre
 21569 | D:13     | Reached skill level 10 in Fighting
 22016 | D:13     | Killed a boulder beetle
 22380 | D:13     | Noticed a two-headed ogre
 22383 | D:13     | Killed a two-headed ogre
 22536 | D:14     | Killed a centaur warrior
 22565 | D:14     | Killed a boulder beetle
 22727 | D:14     | Noticed a centaur warrior
 22945 | D:14     | Noticed a rakshasa
 23085 | D:14     | Killed a rakshasa
 23249 | D:14     | Found a shimmering altar of Xom.
 23285 | D:14     | Noticed a two-headed ogre
 23293 | D:14     | Killed a two-headed ogre
 23595 | D:14     | You fall into a shaft and drop 1 floor!
 23595 | D:15     | Entered Level 15 of the Dungeon
 23605 | D:15     | Noticed a tengu warrior
 23622 | D:15     | Killed a tengu warrior
 23675 | D:15     | Found a staircase to the Depths.
 23675 | D:15     | Noticed a frost giant
 23681 | D:15     | Noticed a tengu warrior
 23688 | D:15     | Killed a frost giant
 23689 | D:15     | Reached XP level 13. HP: 115/115 MP: 2/12
 23917 | D:15     | Noticed an eleionoma
 24607 | D:14     | Identified the +1 ring mail of Lust {rF- rC+ Dex+2}
 25057 | D:14     | Found a gate to the Vaults.
 25084 | D:14     | Reached skill level 15 in Shields
 25263 | D:14     | Identified the +6 long sword of Fostooli {vorpal, rElec
                  | rPois rCorr Dex+4}
 26508 | D:5      | Bought a scroll of enchant weapon for 82 gold pieces
 26514 | D:5      | Bought a scroll of brand weapon for 220 gold pieces
 26514 | D:5      | Bought a scroll of identify for 22 gold pieces
 27140 | D:14     | Noticed an ettin
 27150 | D:14     | Killed an ettin
 27154 | D:14     | Reached skill level 5 in Dodging
 27278 | D:14     | Reached XP level 14. HP: 103/126 MP: 8/13
 28108 | D:14     | HP: 6/127 [ettin (29)]
 28851 | D:14     | Noticed a stone giant
 28879 | D:14     | Killed a stone giant
 28963 | D:14     | Identified the +12 shortbow of Glory {freeze, Contam rC++
                  | rN+ Int+3}
 28969 | D:14     | Identified the +5 hunting sling of Aqareq {flame, rCorr
                  | Int+6}
 31586 | Orc:1    | Entered Level 1 of the Orcish Mines
 31603 | Orc:1    | Reached skill level 17 in Axes
 31912 | Orc:1    | Found Ryaxux's Antique Weapon Emporium.
 32153 | Orc:2    | Entered Level 2 of the Orcish Mines
 32902 | Orc:2    | Found Sod Udir's General Store.
 32910 | Orc:2    | Found Vidwi's Distillery.
 33192 | Orc:2    | Noticed Azrael
 33205 | Orc:2    | Killed Azrael
 33514 | Orc:2    | Bought a potion of lignification for 45 gold pieces
 33514 | Orc:2    | Bought a potion of degeneration for 15 gold pieces
 33514 | Orc:2    | Bought a potion of curing for 45 gold pieces
 33514 | Orc:2    | Bought a potion of curing for 45 gold pieces
 33514 | Orc:2    | Bought a potion of curing for 45 gold pieces
 34006 | Orc:2    | Reached ****** piety under Trog
 34301 | Orc:2    | Reached skill level 18 in Axes
 34320 | Orc:2    | Reached XP level 15. HP: 115/136 MP: 12/14
 34404 | Orc:2    | Found Oshred's Book Shoppe.
 34404 | Orc:2    | Found Roaxkari's Antique Weapon Emporium.
 34405 | Orc:2    | Found a one-way gate leading to the halls of Pandemonium.
 34507 | Orc:2    | Found a staircase to the Elven Halls.
 34701 | Orc:2    | Received a gift from Trog
 35174 | Elf:1    | Entered Level 1 of the Elven Halls
 35486 | Lair:1   | Entered Level 1 of the Lair of Beasts
 35694 | Lair:1   | Noticed Fannar
 35702 | Lair:1   | Killed Fannar
 35996 | Lair:1   | You fall into a shaft and drop 1 floor!
 37514 | Lair:2   | Received a gift from Trog
 37885 | Lair:3   | Reached skill level 15 in Armour
 38380 | Lair:3   | Found a staircase to the Shoals.
 38645 | Lair:3   | Reached skill level 15 in Fighting
 38645 | Lair:3   | Reached skill level 5 in Stealth
 39575 | Lair:4   | Found a hole to the Spider Nest.
 39620 | Lair:4   | Noticed Nergalle
 39635 | Lair:4   | Killed Nergalle
 39951 | Lair:4   | Noticed Sonja
 39956 | Lair:4   | Cast into level 1 of the Abyss (Sonja)
 39956 | Abyss:1  | Found a corrupted altar of Lugonu.
 40470 | Abyss:1  | Noticed a tentacled starspawn
 40497 | Abyss:1  | HP: 1/141 [stone wall collision (18)]
 40504 | Abyss:1  | Killed from afar by a wretched star

Illustrated notes

Levels and vault maps discovered:
D:1:      tarquinn_simple_flora_water_b, layout_loops_ring, serial_shops,
          nicolae_shop_overgrown_old_shop, corexii_item_surrounded_by_moat,
          wad_floor_pattern_untrapped, minmay_misc_feat_tiny
D:2:      layout_basic, serial_shops, shop_statue, minmay_mini_jars,
          uniq_sigmund
D:3:      layout_loops_ring, pf_just_have_faith
D:4:      layout_loops_ring, grunt_temple_overflow_diamond, grunt_qazlal_clouds,
          minmay_temple_entry_tees, serial_bayou_pond_d
D:5:      minmay_general_purpose_star, layout_cave_pools,
          fedhas_altar_decomposition, lemuel_round_altar,
          nemelex_dance_club_becter, serial_shops, nicolae_diamond_shop,
          serial_gnoll_camp, gnoll_camp_medium_02, gnoll_camp_mini_loothouse,
          gnoll_camp_mini_house, gnoll_camp_medium_01,
          chequers_ossuary_entry_cave, nicolae_shop_overcharged_wands
D:6:      layout_rooms, ebering_ghost_disaster_area
D:7:      layout_basic, grunt_temple_overflow_bloody_war,
          mainiacjoe_overflow_catwalk_spiral
D:8:      layout_cave_pools
D:9:      layout_layer_cave, gammafunk_ghost_hive, minmay_shop_damaged
D:10:     layout_cave_pools, lemuel_crystal_altar,
          minmay_orc_entry_temple_small, bh_hangedman_babel_library, uniq_snorg
D:11:     layout_basic, grunt_lair_entry_orc_guard_hut,
          grunt_dithmenos_smoke_and_mirrors, uniq_erolcha
D:12:     layout_loops_ring, tgw_lugonu_bribe, uniq_kirke
D:13:     layout_basic
D:14:     giant_chief_lemuel, layout_basic, grunt_vaults_entry_tiered,
          xom_confusion_cloud
D:15:     grunt_enter_depths_snipers, layout_rooms, special_room
          [special_room_orc], chequers_serial_rivers_room_a, st_stairs_1
Temple:   nicolae_temple_figure_zero
Lair:1:   layout_regular_city, serial_bayou_shore_b, serial_bayou_shore_a,
          grunt_megastairs_2, infiniplex_staircase_pool, lemuel_fruit_tree,
          uniq_fannar
Lair:2:   layout_regular_city
Lair:3:   layout_small_grid, elwin_shoals_entry_rocks, serial_bayou_pond_b
Lair:4:   layout_concentric_octagons, dummy_spider_entry, lemuel_fruit_fields,
          uniq_sonja, uniq_nergalle
Orc:1:    layout_caves, serial_shops, nicolae_shop_stone, basic_altar
Orc:2:    pf_orc_diabolical, layout_diamond_mine, uniq_azrael
Elf:1:    layout_rooms, hangedman_corner_corridor, nicolae_shop_gadgets
Abyss:1:  base:
D:5

Skill      XL: |  1  2  3  4  5  6  7  8  9 10 11 12 13 14 15 |
---------------+----------------------------------------------+-----
Axes           | 4 5 6 7 9 12 14 16 18 | 18.0
Fighting       | 4 5 6 8 10 12 13 15 | 15.6
Armour         | 3 4 5 6 8 10 12 13 15 | 15.0
Dodging        | 3 4 5 6 7 |  7.0
Stealth        | 1 2 4 5 |  5.0
Shields        | 2 6 10 13 15 | 15.0

Action                   |  1- 3 |  4- 6 |  7- 9 | 10-12 | 13-15 || total
-------------------------+-------+-------+-------+-------+-------++-------
Melee: Short sword       |    53 |       |       |       |       ||    53
       Headbutt          |     9 |    22 |    77 |   119 |   202 ||   429
       Hand axe          |     3 |       |       |       |       ||     3
       War axe           |     8 |    96 |   338 |   552 |   190 ||  1184
       Unarmed           |       |       |       |     4 |       ||     4
       Broad axe         |       |       |       |       |   895 ||   895
       Whip              |       |       |       |       |     5 ||     5
       Demon whip        |       |       |       |       |    14 ||    14
 Fire: Hunting sling     |       |       |       |       |    14 ||    14
Throw: Stone             |       |    11 |       |       |       ||    11
       Boomerang         |       |       |    18 |     6 |     9 ||    33
Invok: Berserk           |     1 |     2 |     6 |    17 |    15 ||    41
       Trog's Hand       |       |       |     1 |     8 |     2 ||    11
       Brothers in Arms  |       |       |       |     5 |       ||     5
  Use: Scroll            |       |     4 |     3 |     4 |    14 ||    25
       Potion            |       |       |       |     6 |     6 ||    12
 Stab: Sleeping          |     1 |       |       |     2 |     5 ||     8
       Distracted        |       |       |       |     1 |     2 ||     3
Armor: Animal skin       |     6 |       |       |       |       ||     6
       Chain mail        |     6 |    60 |       |       |       ||    66
       Plate armour      |       |    16 |   206 |    16 |       ||   238
       Acid dragon scale |       |       |       |   181 |   211 ||   392
Dodge: Dodged            |    38 |    59 |   141 |   179 |   310 ||   727
Block: Kite shield       |       |       |    18 |   264 |   564 ||   846
